 Dungeon Crawl Stone Soup version 0.24.0-29-g8ce449bc06 (webtiles) character file.

Game seed: 5679987129398217476, levelgen mode: deterministic

2975 tortureball the Fighter (level 9, -15/69 HPs)
             Began as an Octopode Berserker on Nov 14, 2019.
             Was an Elder of Trog.
             Demolished by an orc warrior
             ... wielding a +0 halberd
              (18 damage)
             ... on level 7 of the Dungeon.
             The game lasted 00:08:27 (7426 turns).

tortureball the Fighter (Octopode Berserker)        Turns: 7426, Time: 00:08:28

Health: -15/69     AC:  1    Str: 18    XL:     9   Next: 82%
Magic:  11/11      EV: 20    Int:  9    God:    Trog [****..]
Gold:   387        SH:  6    Dex: 13    Spells: 8/8 levels left

rFire    . . .     SeeInvis .   J - +3 hand axe (flame)
rCold    . . .     Gourm    .   I - +1 buckler
rNeg     . . .     Faith    .   (helmet restricted)
rPois    .         Spirit   .   (no amulet)
rElec    .         Reflect  .   f - +3 ring of evasion
rCorr    .         Harm     .   (no ring)
MR       .....                  (no ring)
Stlth    ++........             (no ring)
HPRegen  0.21/turn              (no ring)
MPRegen  0.12/turn              (no ring)
                                (no ring)
                                (no ring)

@: berserk cooldown, slowed, very slow
A: almost no armour, stealthy swim, amphibious, 8 rings, constrict 8, camouflage
1, gelatinous body 1
a: Berserk, Trog's Hand, Brothers in Arms, Renounce Religion


You were on level 7 of the Dungeon.
You worshipped Trog.
Trog was greatly pleased with you.
You were hungry.

You visited 1 branch of the dungeon, and saw 7 of its levels.

You collected 387 gold pieces.

Inventory:

Hand Weapons
 a - a +0 hand axe
 r - a +0 trident
 v - a +2 flail of draining
 F - a +2 hand axe of venom
 G - a +0 war axe
 J - a +3 hand axe of flaming (weapon)
 L - a +0 trident
 P - a +2 spear
Missiles
 i - 7 boomerangs of dispersal (quivered)
 j - 47 poisoned darts
 A - 8 javelins
 D - 4 boomerangs
Armour
 I - a +1 buckler (worn)
Jewellery
 f - a +3 ring of evasion (left tentacle)
Wands
 c - a wand of acid (10)
 p - a wand of random effects (5)
 B - a wand of polymorph (7)
 K - a wand of digging (4)
Scrolls
 e - a scroll of fog {unknown}
 g - 5 scrolls of remove curse {@r2}
 l - 3 scrolls of amnesia {unknown}
 w - 2 scrolls of teleportation {unknown}
 y - 2 scrolls of enchant weapon {unknown}
 z - a scroll of enchant armour
 E - a scroll of random uselessness {unknown}
 H - a scroll of immolation
Potions
 d - a potion of cancellation
 h - a potion of experience
 k - 3 potions of flight
 m - a potion of heal wounds
 n - a potion of invisibility
 o - 2 potions of berserk rage {unknown}
 q - a potion of lignification {unknown}
 s - 3 potions of mutation {unknown}
 t - a potion of brilliance
 u - 2 potions of agility {unknown}
 x - 5 potions of curing {unknown}
 C - 2 potions of haste {unknown}
 M - a potion of might
 N - a potion of magic {unknown}
Comestibles
 b - 14 rations
 O - 2 chunks of flesh


   Skills:
 * Level 9.5 Fighting
 * Level 6.0 Axes
 + Level 7.1 Dodging
 + Level 3.3 Shields
 + Level 3.7 Evocations


You had 8 spell levels left.
You didn't know any spells.
Your spell library was empty.

Dungeon Overview and Level Annotations

Branches:
Dungeon (7/15)             Temple (0/1) D:5

Altars:
Ashenzari
Dithmenos
Elyvilon
Fedhas
Gozag
Makhleb
Ru
Sif Muna
Vehumet
The Shining One

Shops:
D:6 [


Innate Abilities, Weirdness & Mutations

You cannot wear most types of armour.
You are very stealthy in the water. (Stealth+)
You are amphibious.
You can wear up to eight rings at the same time.
You can use your tentacles to constrict eight enemies at once.
Your skin changes colour to match your surroundings (Stealth+).
Your rubbery body absorbs attacks. (AC +1, EV +1)


Message History

You are exhausted.
You feel yourself slow down.
You constrict the orc warrior, but do no damage.
The orc warrior hits you from afar with a +0 halberd!!
* * * LOW HITPOINT WARNING * * *
The orc warrior closely misses you.
You slash the orc warrior! You burn the orc warrior.
Your squeeze misses the orc warrior. You constrict the orc warrior.
The orc warrior hits you from afar with a +0 halberd!
* * * LOW HITPOINT WARNING * * *
The orc warrior barely misses you.
The orc wizard hits you with a +0 dagger.
* * * LOW HITPOINT WARNING * * *
As you read the scroll labeled SYDASA KYRO, it crumbles to dust.
It is a scroll of enchant armour.
Your +0 buckler glows green for a moment.
You constrict the orc warrior, but do no damage.
You block the orc warrior's attack.
The orc warrior hits you from afar with a +0 halberd!!
You die...

.# ##..# ..... ##.#.#
##.... ##### ...# ......
##o)# ......##)@#
#....oo#################
#.....Y.................
#...#.##################
#.....# #..(### #... #..
#..


You could see 2 orc warriors, an ice beast and an orc wizard.

Vanquished Creatures
  Duvessa (D:5)
  An orc warrior (D:5)
  A sky beast (D:5)
  A phantom (D:2)
  A black bear (D:7)
  A hornet zombie (D:6)
  2 ice beasts
  A centaur (D:6)
  5 ogres
  3 bullfrogs
  3 scorpions
  Dowan (D:5)
  5 wights (D:7)
  3 crimson imps
  A centaur skeleton (D:5)
  2 jellies (D:5)
  2 hounds
  A gnoll shaman (D:5)
  7 orc priests
  5 orc wizards
  3 iguanas
  7 worker ants
  A hound skeleton (D:4)
  2 howler monkey zombies (D:6)
  9 gnolls
  6 adders
  2 shadow imps
  3 oozes
  3 worms
  A dart slug (D:1)
  2 leopard geckos
  17 orcs
  8 bats
  3 giant cockroaches
  7 goblins
  5 hobgoblins
  3 jackals (D:4)
  7 kobolds
  A quokka (D:4)
  5 frilled lizards
  2 jackal skeletons
  A leopard gecko skeleton (D:7)
  6 rats
151 creatures vanquished.

Notes
Turn   | Place    | Note
-------+----------+-------------------------------------------
     0 | D:1      | tortureball the Octopode Berserker began the quest for the
                  | Orb.
     0 | D:1      | Reached XP level 1. HP: 16/16 MP: 1/1
   204 | D:1      | Reached XP level 2. HP: 16/21 MP: 2/2
   712 | D:1      | Reached XP level 3. HP: 27/27 MP: 3/3
  1178 | D:2      | Reached skill level 4 in Fighting
  1521 | D:2      | Reached ** piety under Trog
  1730 | D:2      | Found a shimmering blue altar of Sif Muna.
  1735 | D:2      | Reached XP level 4. HP: 29/33 MP: 4/4
  2012 | D:2      | Found a glowing golden altar of the Shining One.
  2528 | D:3      | Reached skill level 5 in Fighting
  2528 | D:3      | Reached XP level 5. HP: 34/39 MP: 5/5
  2710 | D:3      | Found a shattered altar of Ashenzari.
  2710 | D:3      | Found a blossoming altar of Fedhas.
  2954 | D:3      | Reached XP level 6. HP: 34/45 MP: 6/6
  3180 | D:3      | Found a shadowy altar of Dithmenos.
  3901 | D:4      | Found a white marble altar of Elyvilon.
  3915 | D:4      | Reached skill level 6 in Fighting
  4017 | D:4      | Found a burning altar of Makhleb.
  4018 | D:4      | Found a radiant altar of Vehumet.
  4208 | D:4      | Noticed a phantom
  4491 | D:2      | Killed a phantom
  4491 | D:2      | Reached skill level 5 in Dodging
  4491 | D:2      | Reached XP level 7. HP: 35/53 MP: 7/7
  4747 | D:4      | Reached skill level 7 in Fighting
  4753 | D:4      | Reached *** piety under Trog
  4831 | D:5      | Entered Level 5 of the Dungeon
  4887 | D:5      | Found an opulent altar of Gozag.
  5260 | D:5      | Reached XP level 8. HP: 61/61 MP: 8/8
  5266 | D:5      | Reached skill level 8 in Fighting
  5414 | D:5      | Noticed Dowan
  5608 | D:5      | Killed Dowan
  5610 | D:5      | Noticed Duvessa
  5619 | D:5      | Killed Duvessa
  5619 | D:5      | Reached skill level 1 in Shields
  5619 | D:5      | Reached skill level 1 in Evocations
  5660 | D:5      | Found a staircase to the Ecumenical Temple.
  6076 | D:5      | Found a sacrificial altar of Ru.
  6180 | D:6      | Found Byklal's Armour Emporium.
  6204 | D:6      | Reached XP level 9. HP: 65/67 MP: 10/10
  6273 | D:6      | HP: 1/67 [hornet zombie (3)]
  6281 | D:6      | Reached skill level 9 in Fighting
  6288 | D:6      | Reached skill level 5 in Axes
  6631 | D:6      | Reached **** piety under Trog
  7279 | D:7      | Found a glowing golden altar of the Shining One.
  7425 | D:7      | HP: 3/69 [orc wizard/+0 dagger (3)]
  7426 | D:7      | Demolished by an orc warrior

Levels and vault maps discovered:
D:1:      wander_arrival_lonely_grave, layout_basic
D:2:      layout_loops_ring, nicolae_tso_carved_into_rock, marbit_many_paths
D:3:      layout_loops_corners, old_standard_altar,
          gammafunk_temple_overflow_wave
D:4:      layout_loops_ring, grunt_temple_overflow_lords_of_destruction,
          overflow_temple_1_default, first_ration
D:5:      minmay_diamond_boxcup, layout_cave_pools,
          nicolae_ru_the_path_less_chosen, kennysheep_little_box,
          minmay_temple_entry_statues_pillars, uniq_duvessa
D:6:      layout_rooms, serial_shops, shop
D:7:      layout_rooms, basic_altar

Skill      XL: |  1  2  3  4  5  6  7  8  9 |
---------------+----------------------------+-----
Fighting       | 4 5 6 7 8 9 |  9.5
Dodging        | 4 5 6 7 |  7.1
Shields        | 2 3 |  3.3
Evocations     | 2 3 |  3.7
Axes           | 4 6 |  6.0

Action                   |  1- 3 |  4- 6 |  7- 9 || total
-------------------------+-------+-------+-------++-------
Melee: Hand axe          |    75 |    86 |   159 ||   320
       Constrict         |    24 |    25 |    36 ||    85
       Tentacles         |    11 |    16 |    37 ||    64
Invok: Berserk           |     2 |     4 |     8 ||    14
Evoke: Wand              |       |     8 |     2 ||    10
  Use: Scroll            |       |       |     8 ||     8
       Potion            |       |       |     2 ||     2
 Stab: Sleeping          |     6 |     2 |     5 ||    13
       Distracted        |       |       |     1 ||     1
  Eat: Chunk             |     3 |     9 |    17 ||    29
       Ration            |       |     1 |       ||     1
Armor: Skin              |     8 |     5 |     4 ||    17
Dodge: Dodged            |    70 |    81 |   117 ||   268
Block: Buckler           |       |       |    23 ||    23
